 Dungeon Crawl Stone Soup version 0.30.1-11-g7821555f0a (webtiles) character file.

Game seed: 7383650174601931056

26 SacredBeard the Vexing (level 2, 0/16 HPs)
             Began as a Deep Elf Hexslinger on Oct 30, 2023.
             Constricted to death by a ball python (1 damage)
             ... on level 1 of the Dungeon.
             The game lasted 00:02:29 (1002 turns).

SacredBeard the Vexing (Deep Elf Hexslinger)        Turns: 1002, Time: 00:02:30

Health: 0/16       AC:  3    Str:  7    XL:     2   Next: 89%
Magic:  7/7        EV:  9    Int: 17    God:
Gold:   56         SH:  0    Dex: 15    Spells: 4/5 levels left

rFire   . . .        k - +0 dagger
rCold   . . .        (no shield)
rNeg    . . .        l - +0 leather armour
rPois   .            (no helmet)
rElec   .            (no cloak)
rCorr   .            (no gloves)
SInv    .            (no boots)
Will    .....        g - amulet of the acrobat
Stlth   +            (no ring)
HPRegen 0.22/turn    (no ring)
MPRegen 0.10/turn

%: acrobat
@: constricted
A: no striking features
a: no special abilities


You were on level 1 of the Dungeon.
You visited 1 branch of the dungeon, and saw 2 of its levels.

You collected 56 gold pieces.

Inventory:

Hand Weapons
 a - a +1 sling
 k - a +0 dagger (weapon)
Armour
 l - a +0 leather armour (worn)
Jewellery
 c - an amulet of guardian spirit
 g - an amulet of the acrobat (around neck)
Scrolls
 b - a scroll of poison
 d - 2 scrolls of identify {unknown}
 i - a scroll of blinking {unknown}
 j - a scroll of fear {unknown}
Potions
 e - a potion of degeneration {unknown}
 f - a potion of cancellation {unknown}
 h - a potion of might {unknown}


   Skills:
 - Level 1.0 Fighting
 * Level 3.4 Ranged Weapons
 + Level 0.5 Armour
 + Level 2.7 Dodging
 + Level 2.0 Spellcasting
 + Level 4.3 Hexes


You had 4 spell levels left.
You knew the following spells:

 Your Spells              Type           Power      Damage    Failure   Level
a - Slow                  Hex            64%        N/A       4%          1

Your spell library contained the following spells:

 Spells                   Type           Power      Damage    Failure   Level
 Confusing Touch          Hex            16%        N/A       14%         3
 Kiss of Death            Conj/Necr      4%         2d5       28%         1
 Inner Flame              Hex/Fire       9%         N/A       34%         3
 Portal Projectile        Hex/Tloc       18%        N/A       34%         3
 Cause Fear               Hex            8%         N/A       43%         4
 Dispel Undead            Necr           1%         3d6       95%         4


Dungeon Overview and Level Annotations

Branches:
Dungeon (2/15) Zot: 10979

Altars:


Message History

The adder closely misses you.
You closely miss the adder.
The adder is lightly wounded.
The ball python misses you. The ball python constricts you.
The adder barely misses you.
You completely miss the adder.
The adder is lightly wounded.
The ball python closely misses you. The ball python constricts you.
The adder bites you.
You are poisoned.
The adder poisons you!
You hit the adder.
The adder is moderately wounded.
You feel sick.
The ball python bites you but does no damage.
The ball python constricts you. The adder bites you but does no damage.
You hit the adder.
The adder is heavily wounded.
You feel sick. The adder barely misses you.
The ball python bites you but does no damage.
The ball python constricts you. The adder bites you but does no damage.
The ball python bites you. The ball python constricts you.
You hit the adder but do no damage.
The adder is heavily wounded.
You feel sick. The adder closely misses you. The ball python barely misses you.
The ball python constricts you.
You barely miss the adder.
The adder is heavily wounded.
You feel sick. The adder barely misses you. The ball python closely misses you.
The ball python constricts you.
You barely miss the adder.
The adder is heavily wounded.
You feel sick.
You are no longer poisoned.
The adder bites you.
* * * LOW HITPOINT WARNING * * *
The ball python bites you.
* * * LOW HITPOINT WARNING * * *
The ball python constricts you.
You die...

#...## ##.# #.#
#.#..## #.# #.#
#.##..# #.# #.#
#.###.# #.# #.# #.#
#.# #.### #.# #.#
#.## #...### #.#
#.# #..# ###...#
#.# #.# ##.##
###S########.#####
#.# #..##
#@Sr...........#
#.# ##..#
#####..###.#.###
#.# ##.# ##.....#.#
#.# #.# #..####.#
#.# #.# #..####.#
..# #.# #.......#
### #.## #....####
#..# ####)#
##.###########....#


You could see an adder, a quokka and a ball python.

Vanquished Creatures
  5 ball pythons (D:1)
  An endoplasm (D:1)
  2 giant cockroaches
  A goblin (D:1)
  2 hobgoblins (D:1)
  6 kobolds (D:1)
  A quokka (D:1)
  A bat (D:1)
  5 frilled lizards (D:1)
  2 rats (D:1)
26 creatures vanquished.

Notes
Turn   | Place    | Note
-------+----------+-------------------------------------------
     0 | D:1      | SacredBeard the Deep Elf Hexslinger began the quest for the
                  | Orb.
     0 | D:1      | Reached XP level 1. HP: 11/11 MP: 5/5
     2 | D:1      | Noticed a draconian
     2 | D:1      | Noticed a vampire
     4 | D:1      | Noticed a demonspawn
     6 | D:1      | Noticed a tengu
     8 | D:1      | Noticed a vine stalker
     8 | D:1      | Noticed a gargoyle
    10 | D:1      | Noticed a felid
    10 | D:1      | Noticed a merfolk
    12 | D:1      | Noticed a meteoran
    12 | D:1      | Noticed a formicid
    14 | D:1      | Noticed an ogre
    14 | D:1      | Noticed a ghoul
    16 | D:1      | Noticed a minotaur
    16 | D:1      | Noticed an elf
    18 | D:1      | Noticed a naga
    18 | D:1      | Noticed an octopode
    20 | D:1      | Noticed a demigod
    20 | D:1      | Noticed a troll
    22 | D:1      | Noticed an armataur
    22 | D:1      | Noticed a spriggan
    26 | D:1      | Noticed a troll
    52 | D:1      | Reached skill level 1 in Fighting
   175 | D:1      | Reached XP level 2. HP: 3/16 MP: 6/6
  1002 | D:1      | Constricted to death by a ball python

Illustrated notes

Levels and vault maps discovered:
D:1:      kb_arrival_jail, layout_basic
D:2:      kennysheep_big_flooded_room, layout_loops_cross,
          chequers_ecumenical_altar_simple

Skill      XL: |  1  2 |
---------------+-------+-----
Fighting       | 1 |  1.0
Ranged Weapons | 3 |  3.4
Spellcasting   | 2 |  2.0
Armour         | |  0.5
Dodging        | |  2.7
Hexes          | |  4.3

Action                     || total
---------------------------++-------
  Melee: Whip              ||     1
         Dagger            ||    11
   Fire: Sling             ||    70
 Armour: Robe              ||     1
         Leather armour    ||     9
  Dodge: Dodged            ||    45
